 Dungeon Crawl Stone Soup version 0.29-a0-961-gfab03dca74 (webtiles) character file.

Game seed: 3786221707879154762

12 Jerry the Shield-Bearer (level 2, -1/16 HPs)
             Began as a Vine Stalker Fighter on July 30, 2022.
             Slain by a goblin
             ... wielding a +0 dagger
              (2 damage)
             ... on level 1 of the Dungeon.
             The game lasted 00:00:55 (502 turns).

Jerry the Shield-Bearer (Vine Stalker Fighter)       Turns: 502, Time: 00:00:55

Health: -1/16      AC:  6    Str: 18    XL:     2   Next: 33%
Magic:  0/3        EV:  9    Int:  8    God:
Gold:   22         SH:  4    Dex: 13    Spells: 1/1 levels left

rFire   . . .      SeeInvis .   a - +0 rapier
rCold   . . .      Faith    .   c - +0 buckler
rNeg    . . .      Spirit   +   b - +0 scale mail
rPois   .          Reflect  .   (no helmet)
rElec   .          Harm     .   (no cloak)
rCorr   .          Rampage  .   (no gloves)
Will    .....                   (no boots)
Stlth   ..........              (no amulet)
HPRegen 0.05/turn               (no ring)
MPRegen 0.08/turn               (no ring)

@: no status effects
A: fangs 2, magic shield, antimagic bite, no potion heal 2
a: no special abilities


You were on level 1 of the Dungeon.
You visited 1 branch of the dungeon, and saw 1 of its levels.

You collected 22 gold pieces.

Inventory:

Hand Weapons
 a - a +0 rapier (weapon)
Armour
 b - a +0 scale mail (worn)
 c - a +0 buckler (worn)
Scrolls
 f - a scroll of identify {unknown}
Potions
 d - a potion of might
 e - a potion of haste {unknown}


   Skills:
 + Level 2.8 Fighting
 + Level 2.0 Short Blades
 + Level 2.6 Armour
 + Level 2.8 Shields


You had one spell level left.
You didn't know any spells.
Your spell library was empty.

Dungeon Overview and Level Annotations

Branches:
Dungeon (1/15)

Altars:


Innate Abilities, Weirdness & Mutations

You have extremely sharp teeth.
When hurt, damage is shared between your health and your magic reserves.
Your bite disrupts and absorbs the magic of your enemies.
Potions cannot restore your health.


Message History

You closely miss the goblin. Your bite misses the goblin.
The goblin hits you but does no damage. You block the goblin's attack.
The hobgoblin hits you but does no damage.
You completely miss the ball python. Your bite misses the ball python.
The ball python closely misses you. x2
The ball python bites you but does no damage.
The ball python grabs you. The ball python constricts you.
The goblin hits you but does no damage.
The hobgoblin hits you but does no damage.
You hit the ball python. You bite the ball python.
You kill the ball python!
A hobgoblin comes into view.
The hobgoblin hits you but does no damage.
The goblin barely misses you.
You closely miss the hobgoblin. Your bite misses the hobgoblin.
You block the goblin's attack.
The hobgoblin hits you but does no damage.
You closely miss the hobgoblin. Your bite misses the hobgoblin.
The goblin hits you with a +0 dagger.
The hobgoblin hits you but does no damage.
You barely miss the hobgoblin. The goblin hits you but does no damage.
The hobgoblin hits you.
You closely miss the hobgoblin. The goblin hits you but does no damage.
The hobgoblin barely misses you.
You hit the hobgoblin but do no damage. Your bite misses the hobgoblin.
The goblin hits you but does no damage. The hobgoblin closely misses you.
The hobgoblin barely misses you.
You barely miss the hobgoblin. Your bite misses the hobgoblin.
The goblin completely misses you. The hobgoblin hits you. x3
* * * LOW HITPOINT WARNING * * *
The hobgoblin hits you.
* * * LOW HITPOINT WARNING * * *
The goblin hits you but does no damage.
You are too injured to fight recklessly!
The hobgoblin attacks as you move away! The hobgoblin hits you.
* * * LOW HITPOINT WARNING * * *
The hobgoblin attacks as you move away! The hobgoblin hits you.
* * * LOW HITPOINT WARNING * * *
The goblin attacks as you move away! The goblin hits you with a +0 dagger.
You die...

...............# ..
###............#####.#
#.................) .
#..............#.. ..
#................#####...
#............#.....#....
##.....................#
#.###..##.###.g..†#...#
#............@g....#
#.###..##.###.g.......#
#......##.# #......#..#
#......##.# #.#.........
########### #...........
#.##.###.... #.##.# ....
#.##.# ##.


You could see 2 hobgoblins and a goblin.

Vanquished Creatures
  A dart slug (D:1)
  3 hobgoblins (D:1)
  A ball python (D:1)
  2 bats (D:1)
  2 frilled lizards (D:1)
  A kobold (D:1)
  A rat (D:1)
11 creatures vanquished.

Notes
Turn   | Place    | Note
-------+----------+-------------------------------------------
     0 | D:1      | Jerry the Vine Stalker Fighter began the quest for the Orb.
     0 | D:1      | Reached XP level 1. HP: 11/11 MP: 2/2
   350 | D:1      | Reached XP level 2. HP: 12/16 MP: 3/3
   431 | D:1      | Found a faded altar of an unknown god.
   502 | D:1      | Slain by a goblin

Illustrated notes

Levels and vault maps discovered:
D:1:      shiori_shiawase, layout_basic, shapermc_ecumenical_altar_notcrosses,
          hangedman_decor_lopped

Skill      XL: |  1 |
---------------+----+-----
Short Blades   | 2 |  2.0
Fighting       | |  2.8
Armour         | |  2.6
Shields        | |  2.8

Action                   || total
-------------------------++-------
Melee: Rapier            ||    35
       Bite              ||     4
Armor: Scale mail        ||    24
Dodge: Dodged            ||    24
Block: Buckler           ||     7

Table legend: (Time is in decaauts)
 A = Elapsed time spent in this place.
 B = Non-inter-level travel time spent in this place.
 C = Inter-level travel time spent in this place.
 D = Time resting spent in this place.
 E = Time spent auto-exploring this place.
 F = Levels seen in this place.
 G = Mean time per level.
                   A        B        C        D        E       F      G
               +--------+--------+--------+--------+--------+-----+--------+
         Total |    507 |    507 |      0 |      0 |    420 |   1 |  507.0 |
       Dungeon |    507 |    507 |      0 |      0 |    420 |   1 |  507.0 |
               +--------+--------+--------+--------+--------+-----+--------+

Top non-repeatable levels by time:
     D:1: 507 daAuts
